 Dungeon Crawl Stone Soup version 0.29.1-2-gbd0b4ee654 (webtiles) character file.

Game seed: 17297135232770960321

347 auqlue the Shooter (level 6, -2/38 HPs)
             Began as a Gargoyle Hunter on Nov 1, 2022.
             Was an Initiate of Okawaru.
             Slain by a wyvern (7 damage)
             ... on level 5 of the Dungeon on Nov 2, 2022.
             The game lasted 00:27:11 (4120 turns).

auqlue the Shooter (Gargoyle Hunter)                Turns: 4120, Time: 00:27:11

Health: -2/38      AC: 16    Str: 14    XL:     6   Next: 59%
Magic:  6/6        EV: 11    Int: 10    God:    Okawaru [......]
Gold:   282        SH:  0    Dex: 15    Spells: 5/5 levels left

rFire   . . .      SeeInvis +   b - +4 mace {b}
rCold   . . .      Faith    .   (no shield)
rNeg    + . .      Spirit   .   o - +0 ring mail
rPois   ∞          Reflect  .   n - +0 helmet
rElec   +          Harm     .   (no cloak)
rCorr   .          Rampage  .   d - +0 pair of gloves
Will    .....                   (no boots)
Stlth   +.........              w - amulet of the acrobat
HPRegen 0.12/turn               q - ring of see invisible
MPRegen 0.10/turn               A - +4 ring of protection

@: no status effects
A: sickness immunity, AC +4, negative energy resistance 1, electricity
resistance, torment resistance 1, petrification resistance
a: Renounce Religion


You were on level 5 of the Dungeon.
You worshipped Okawaru.
Okawaru was noncommittal.
You visited 2 branches of the dungeon, and saw 6 of its levels.

You collected 282 gold pieces.

Inventory:

Hand Weapons
 a - a +0 shortbow
 b - a +4 mace (weapon) {b}
Missiles
 p - 5 poisoned darts
Armour
 d - a +0 pair of gloves (worn)
 n - a +0 helmet (worn)
 o - a +0 ring mail (worn)
 r - a scarf of shadows
Jewellery
 q - a ring of see invisible (left hand)
 w - an amulet of the acrobat (around neck)
 A - a +4 ring of protection (right hand)
Scrolls
 e - 2 scrolls of fear {unknown}
 f - a scroll of enchant armour {unknown}
 k - 2 scrolls of immolation
 s - a scroll of teleportation {unknown}
 t - a scroll of amnesia {unknown}
 v - a scroll of enchant weapon {unknown}
 y - a scroll of blinking {unknown}
 z - a scroll of torment {unknown}
Potions
 g - 3 potions of might
 i - 3 potions of magic
 j - a potion of mutation
 l - a potion of resistance {unknown}
 m - a potion of cancellation {unknown}
 u - a potion of degeneration {unknown}
 B - a potion of heal wounds {unknown}


   Skills:
 + Level 3.7 Fighting
 * Level 6.5 Ranged Weapons
 + Level 2.8 Armour
 - Level 1.5 Dodging
 - Level 1.1 Stealth


You had 5 spell levels left.
You didn't know any spells.
Your spell library was empty.

Dungeon Overview and Level Annotations

Branches:
Dungeon (5/15)             Temple (1/1) D:4

Altars:
Cheibriados
Elyvilon
Fedhas
Gozag
Hepliaklqana
Nemelex Xobeh
Okawaru
Qazlal
Ru
Sif Muna
Trog
Uskayaw
Vehumet
Wu Jian
Xom
Yredelemnul
Zin
The Shining One

Annotations:
D:3 1 runed translucent door, DildoBatman's ghost, amateur FoCj


Innate Abilities, Weirdness & Mutations

You are immune to sickness and miasma.
Your stone body is resilient. (AC +4)
You are immune to poison.
You resist negative energy. (rN+)
You are resistant to electric shocks. (rElec)
You are resistant to unholy torment.
You are immune to petrification.


Message History

The wyvern is heavily wounded.
The wyvern bites you! The wyvern closely misses you.
You hit the wyvern.
The wyvern is heavily wounded.
The wyvern bites you but does no damage.
The wyvern barely misses you.
You barely miss the wyvern.
The wyvern is heavily wounded.
The wyvern bites you but does no damage.
The wyvern barely misses you.
You barely miss the wyvern.
The wyvern is heavily wounded.
The wyvern barely misses you. The wyvern bites you!
You are too injured to fight recklessly!
You are too injured to fight recklessly!
You are too injured to fight recklessly!
You are too injured to fight recklessly!
You are too injured to fight recklessly!
You feel better. The wyvern bites you. The wyvern closely misses you.
You hit the wyvern.
The wyvern is heavily wounded.
The wyvern bites you!
* * * LOW HITPOINT WARNING * * *
The wyvern misses you.
You hit the wyvern.
The wyvern is severely wounded.
The wyvern barely misses you. The wyvern closely misses you.
You barely miss the wyvern.
The wyvern is severely wounded.
The wyvern barely misses you.
The wyvern bites you but does no damage.
You closely miss the wyvern.
The wyvern is severely wounded.
The wyvern barely misses you. The wyvern bites you.
* * * LOW HITPOINT WARNING * * *
You hit the wyvern but do no damage.
The wyvern is severely wounded.
The wyvern bites you but does no damage.
The wyvern bites you!
You die...

#......#..#...
#.............
#.........ol.
#..?......P.o
#....#.# +....')+
#....#<#
#######....#l#
#..........#@#
#......#####.#
#......##....#
#......##....#
#............#
######...........#
#............#####
#......#'#####
#......#.#


You could see a wyvern.

Vanquished Creatures
  A water moccasin (D:5)
  A phantom (D:5)
  An orc priest (D:4)
  An iguana (D:3)
  3 adders
  A white imp (D:5)
  A worm (D:4)
  2 orcs
  4 ball pythons
  11 endoplasms
  8 giant cockroaches
  8 goblins
  5 hobgoblins
  5 quokkas
  2 bats
  2 frilled lizards (D:1)
  8 kobolds
  9 rats
73 creatures vanquished.

Vanquished Creatures (others)
  3 plants (D:5)
3 creatures vanquished.

Grand Total: 76 creatures vanquished

Notes
Turn   | Place    | Note
-------+----------+-------------------------------------------
     0 | D:1      | auqlue the Gargoyle Hunter began the quest for the Orb.
     0 | D:1      | Reached XP level 1. HP: 12/12 MP: 1/1
   193 | D:1      | Reached XP level 2. HP: 17/17 MP: 2/2
   245 | D:1      | Found a faded altar of an unknown god.
   769 | D:1      | Reached XP level 3. HP: 21/21 MP: 3/3
   981 | D:2      | Reached skill level 5 in Ranged Weapons
  1463 | D:3      | Noticed DildoBatman's ghost (amateur FoCj)
  1465 | D:3      | Found a runed translucent door.
  1634 | D:3      | Found a basalt altar of Yredelemnul.
  1635 | D:3      | Found a stormy altar of Qazlal.
  1636 | D:3      | Found a glowing golden altar of the Shining One.
  1637 | D:3      | Found a shimmering altar of Xom.
  1695 | D:3      | Reached skill level 1 in Armour
  1695 | D:3      | Reached XP level 4. HP: 21/27 MP: 4/4
  1778 | D:3      | Found a radiant altar of Vehumet.
  2391 | D:4      | Found a staircase to the Ecumenical Temple.
  2405 | D:4      | Reached XP level 5. HP: 4/32 MP: 5/5
  2695 | Temple   | Entered the Ecumenical Temple
  3079 | D:4      | Found an iron altar of Okawaru.
  3095 | D:4      | Became a worshipper of Warmaster Okawaru
  3852 | D:5      | Entered Level 5 of the Dungeon
  3869 | D:5      | Noticed a phantom
  3881 | D:5      | Killed a phantom
  3882 | D:5      | Reached skill level 6 in Ranged Weapons
  3882 | D:5      | Reached XP level 6. HP: 37/37 MP: 6/6
  3887 | D:5      | Noticed a water moccasin
  3907 | D:5      | Killed a water moccasin
  4097 | D:5      | Noticed a wyvern
  4120 | D:5      | Slain by a wyvern

Illustrated notes

Levels and vault maps discovered:
D:1:      dpeg_arrival_castle, layout_basic, chequers_ecumenical_altar_island,
          nrook_campfire, minmay_cupped
D:2:      layout_rooms
D:3:      layout_loops_corners, mainiacjoe_overflow_cross_hatched,
          mainiacjoe_overflow_alcove_3, hellmonk_ghost_happy_afterlife,
          minmay_misc_feat_enclosed, minivault_25
D:4:      layout_basic, kennysheep_okawaru_gauntlet,
          minmay_temple_entry_proselytizer, st_stairs_14
D:5:      kennysheep_spiral_hall, layout_basic, mainiacjoe_overflow_boulevard,
          nicolae_shop_fire_sale [nicolae_sub_dead_trees], grunt_ministairs_1,
          uniq_sigmund
Temple:   hellmonk_temple_forest_ring

Skill      XL: |  1  2  3  4  5 |
---------------+----------------+-----
Ranged Weapons | 5 6 |  6.5
Armour         | 1 2 |  2.8
Fighting       | 3 |  3.7
Dodging        | |  1.5
Stealth        | |  1.1

Action                   |  1- 3 |  4- 6 || total
-------------------------+-------+-------++-------
Melee: Mace              |       |    69 ||    69
       Punch             |       |     2 ||     2
 Fire: Shortbow          |   116 |    48 ||   164
  Use: Scroll            |       |     4 ||     4
       Potion            |       |     1 ||     1
Armor: Leather armour    |    19 |       ||    19
       Ring mail         |     3 |    42 ||    45
Dodge: Dodged            |    24 |    54 ||    78
